 Dungeon Crawl Stone Soup version 0.26-a0-737-g4e9f4955e2 (webtiles) character file.

Game seed: 778750736431033485

58 Gargoyl the Skirmisher (level 4, -6/61 HPs)
             Began as a Gnoll Abyssal Knight on Nov 4, 2020.
             Was a Follower of Lugonu.
             Killed by divine providence
             ... invoked by an orc priest
              (11 damage)
             ... on level 3 of the Dungeon.
             The game lasted 00:02:06 (1700 turns).

Gargoyl the Skirmisher (Gnoll Abyssal Knight)       Turns: 1700, Time: 00:02:07

Health: -6/61      AC: 22    Str: 14 (16) XL:     4   Next: 2%
Magic:  7/7        EV:  2    Int: 14      God:    Lugonu [*.....]
Gold:   120        SH:  0    Dex: 11 (14) Spells: 5/5 levels left

rFire    . . .     SeeInvis .   f - +3 whip (venom)
rCold    . . .     Faith    .   (no shield)
rNeg     + + +     Spirit   .   (armour currently unavailable)
rPois    +         Reflect  .   (helmet currently unavailable)
rElec    .         Harm     .   (cloak currently unavailable)
rCorr    .         Rampage  .   (gloves currently unavailable)
MR       .....     NoTele   +   (boots currently unavailable)
Stlth    +.........             h - amulet of magic regeneration
HPRegen  0.20/turn              (no ring)
MPRegen  0.35/turn              (no ring)

@: tree-form
A: distributed training, strong nose
a: Depart the Abyss, Renounce Religion


You were on level 3 of the Dungeon.
You worshipped Lugonu.
Lugonu was aware of your devotion.
You were a tree.
You visited 1 branch of the dungeon, and saw 3 of its levels.
You visited the Abyss 1 time.

You collected 120 gold pieces.

Inventory:

Hand Weapons
 a - a +2 hand axe
 f - a +3 whip of venom (weapon)
Armour
 c - a +1 chain mail (melded)
 m - a +0 cloak (melded)
Jewellery
 h - an amulet of magic regeneration (around neck)
Scrolls
 g - 2 scrolls of magic mapping {unknown}
 k - a scroll of enchant armour
 l - a scroll of identify
 n - a scroll of teleportation {unknown}
Potions
 d - 2 potions of stabbing


   Skills:
 + Level 6.5 Fighting
 + Level 1.0 Short Blades
 + Level 1.0 Long Blades
 + Level 4.6 Axes
 + Level 1.0 Maces & Flails
 + Level 1.0 Polearms
 + Level 1.0 Staves
 + Level 1.0 Slings
 + Level 1.0 Bows
 + Level 1.0 Crossbows
 + Level 1.0 Throwing
 + Level 4.6 Armour
 + Level 2.7 Dodging
 + Level 1.0 Stealth
 + Level 1.0 Shields
 + Level 1.0 Unarmed Combat
 + Level 1.0 Spellcasting
 + Level 0.7 Conjurations
 + Level 0.7 Hexes
 + Level 0.7 Summonings
 + Level 0.7 Necromancy
 + Level 0.7 Translocations
 + Level 0.7 Transmutations
 + Level 0.7 Fire Magic
 + Level 0.7 Ice Magic
 + Level 0.7 Air Magic
 + Level 0.7 Earth Magic
 + Level 0.7 Poison Magic
 + Level 4.6 Invocations
 + Level 1.0 Evocations


You had 5 spell levels left.
You didn't know any spells.
Your spell library was empty.

Dungeon Overview and Level Annotations

Branches:
Dungeon (3/15)

Altars:


Innate Abilities, Weirdness & Mutations

Your experience applies equally to all skills.
((You have very sharp teeth.))
Your uncanny sense of smell can sniff out nearby items.


Message History

The dart slug bites you but does no damage.
The adder bites you but does no damage.
The orc priest calls down the wrath of Beogh upon you.
Beogh smites you!
* * * LOW HITPOINT WARNING * * *
The jackal bites you but does no damage.
You barely miss the orc priest. The orc hits you but does no damage.
The adder bites you but does no damage.
The jackal bites you but does no damage.
The orc priest hits you with a cursed -1 whip.
* * * LOW HITPOINT WARNING * * *
The dart slug bites you but does no damage.
The orc hits you but does no damage.
You hit the orc priest.
The orc priest is moderately wounded.
The adder bites you but does no damage.
The jackal bites you but does no damage.
The orc priest invokes the aid of Beogh against you.
Beogh smites you!
You die...

########
##......##
#........##
.)........#
..........#
.......§§§#
......§w§h#
......wo♣§#
#.$...§oS##
......§§o#
)......?..
..........#
..........#
......)...#
..........#


You could see a worm, an orc priest, an adder, a dart slug, 2 orcs and a jackal.

Vanquished Creatures
  3 adders (D:2)
  An ooze (D:2)
  A leopard gecko (D:2)
  3 goblins (D:2)
  5 hobgoblins
  3 jackals (D:3)
  A quokka (D:2)
  A ball python (D:1)
  A bat (D:1)
  3 frilled lizards
  3 kobolds
  3 rats
28 creatures vanquished.

Notes
Turn   | Place    | Note
-------+----------+-------------------------------------------
     0 | Abyss:1  | Gargoyl the Gnoll Abyssal Knight began the quest for the
                  | Orb.
     0 | Abyss:1  | Reached XP level 1. HP: 23/23 MP: 3/3
   123 | Abyss:1  | Noticed a wraith
   124 | D:1      | Escaped the Abyss
   530 | D:1      | Reached XP level 2. HP: 29/29 MP: 5/5
   987 | D:2      | Reached * piety under Lugonu
  1091 | D:2      | Reached XP level 3. HP: 32/35 MP: 6/6
  1471 | D:2      | Reached skill level 1 in Short Blades
  1471 | D:2      | Reached skill level 1 in Long Blades
  1471 | D:2      | Reached skill level 1 in Maces & Flails
  1471 | D:2      | Reached skill level 1 in Polearms
  1471 | D:2      | Reached skill level 1 in Staves
  1471 | D:2      | Reached skill level 1 in Slings
  1471 | D:2      | Reached skill level 1 in Bows
  1471 | D:2      | Reached skill level 1 in Crossbows
  1471 | D:2      | Reached skill level 1 in Throwing
  1471 | D:2      | Reached skill level 1 in Stealth
  1471 | D:2      | Reached skill level 1 in Shields
  1471 | D:2      | Reached skill level 1 in Unarmed Combat
  1471 | D:2      | Reached skill level 1 in Spellcasting
  1471 | D:2      | Reached skill level 1 in Evocations
  1690 | D:3      | Reached XP level 4. HP: 20/41 MP: 7/7
  1700 | D:3      | Killed from afar by an orc priest

Illustrated notes

Levels and vault maps discovered:
D:1:      dpeg_arrival_water_temple_mockup, layout_loops_ring, serial_glass,
          glass_columns_a, glass_columns_a, glass_columns_c, glass_columns_c,
          glass_columns_a, glass_columns_c, glass_columns_a, glass_columns_a,
          glass_columns_b, glass_columns_c, glass_columns_a, glass_columns_a,
          glass_columns_b, glass_columns_a
D:2:      layout_loops_cross
D:3:      layout_rooms, minmay_between, uniq_sigmund

Skill      XL: |  1  2  3 |
---------------+----------+-----
Short Blades   | 1 |  1.0
Long Blades    | 1 |  1.0
Maces & Flails | 1 |  1.0
Polearms       | 1 |  1.0
Staves         | 1 |  1.0
Slings         | 1 |  1.0
Bows           | 1 |  1.0
Crossbows      | 1 |  1.0
Throwing       | 1 |  1.0
Stealth        | 1 |  1.0
Shields        | 1 |  1.0
Unarmed Combat | 1 |  1.0
Spellcasting   | 1 |  1.0
Evocations     | 1 |  1.0
Fighting       | |  6.5
Axes           | |  4.6
Armour         | |  4.6
Dodging        | |  2.7
Conjurations   | |  0.7
Hexes          | |  0.7
Summonings     | |  0.7
Necromancy     | |  0.7
Translocations | |  0.7
Transmutations | |  0.7
Fire Magic     | |  0.7
Ice Magic      | |  0.7
Air Magic      | |  0.7
Earth Magic    | |  0.7
Poison Magic   | |  0.7
Invocations    | |  4.6

Action                   |  1- 3 |  4- 6 || total
-------------------------+-------+-------++-------
Melee: Hand axe          |    10 |       ||    10
       Whip              |    70 |     5 ||    75
       Bite              |     5 |       ||     5
Invok: Depart the Abyss  |     1 |       ||     1
  Use: Scroll            |     8 |     1 ||     9
       Potion            |     2 |     3 ||     5
Armor: Chain mail        |    64 |    14 ||    78
       Skin              |       |    19 ||    19
Dodge: Dodged            |    42 |    12 ||    54

Table legend: (Time is in decaauts)
 A = Elapsed time spent in this place.
 B = Non-inter-level travel time spent in this place.
 C = Inter-level travel time spent in this place.
 D = Time resting spent in this place.
 E = Time spent auto-exploring this place.
 F = Levels seen in this place.
 G = Mean time per level.
                   A        B        C        D        E       F      G
               +--------+--------+--------+--------+--------+-----+--------+
         Total |   1705 |   1634 |     71 |      0 |   1351 |   4 |  426.2 |
       Dungeon |   1581 |   1510 |     71 |      0 |   1250 |   3 |  527.0 |
         Abyss |    124 |    124 |      0 |      0 |    101 |   1 |  124.0 |
               +--------+--------+--------+--------+--------+-----+--------+

Top non-repeatable levels by time:
     D:1: 816 daAuts
     D:2: 746 daAuts
 Abyss:1: 124 daAuts
     D:3: 18 daAuts
